 Dungeon Crawl Stone Soup version 0.29-a0-214-g17f627cfee (webtiles) character file.

Game seed: 880146019363146993

1472 mcwallace the Covered (level 8, -1/47 (49) HPs)
             Began as a Tengu Fighter on Feb 24, 2022.
             Was a Follower of Cheibriados.
             Slain by a wight
             ... wielding a +3 spear
              (10 damage)
             ... on level 7 of the Dungeon.
             The game lasted 00:11:39 (6541 turns).

mcwallace the Covered (Tengu Fighter)               Turns: 6541, Time: 00:11:40

HP:   -1/47 (49)    AC:  4    Str: 30    XL:     8   Next: 78%
MP:   0/14          EV: 16    Int: 12    God:    Cheibriados [*.....]
Gold: 274           SH:  7    Dex: 18    Spells: 13/13 levels left

rFire   . . .      SeeInvis +   A - +12 whip "Undertaker" {pain, Will+, mace}
rCold   . . .      Faith    .   c - +1 buckler
rNeg    . . .      Spirit   +   L - +1 leather armour of the End {Str+4}
rPois   .          Reflect  .   (helmet restricted)
rElec   .          Harm     .   (no cloak)
rCorr   .          Rampage  .   (no gloves)
Will    +....                   (boots unavailable)
Stlth   +.........              n - amulet of guardian spirit
HPRegen 0.15/turn               i - ring of see invisible
MPRegen 0.14/turn               Q - +6 ring of strength

@: flying quickly and evasively, hasted, lightly drained, quick
A: beak, talons 3, nimble flight
a: Renounce Religion, Bend Time


You were on level 7 of the Dungeon.
You worshipped Cheibriados.
Cheibriados was aware of your devotion.
You visited 2 branches of the dungeon, and saw 8 of its levels.

You collected 274 gold pieces.


Innate Abilities, Weirdness & Mutations

You have a beak for a mouth.
You have claws for feet.
Your magical nature lets you fly swiftly and evasively.


   Skills:
 + Level 5.1 Fighting
 + Level 5.1 Short Blades
 - Level 5.4 Armour
 + Level 4.4 Dodging
 - Level 4.9 Shields
 + Level 3.3 Spellcasting
 + Level 3.1 Necromancy


You had 13 spell levels left.
You didn't know any spells.
Your spell library contained the following spells:

 Spells                   Type           Power      Damage    Failure   Level
 Sublimation of Blood     Necr           9%         N/A       14%         2
 Sandblast                Erth           4%         2d4       32%         1
 Passwall                 Tmut/Erth      1%         N/A       45%         2
 Wereblood                Tmut           2%         N/A       45%         2
 Stone Arrow              Conj/Erth      4%         3d7       69%         3
 Summon Guardian Golem    Hex/Summ       2%         N/A       69%         3
 Orb of Destruction       Conj           1%         9d5       100%        7
 Spellforged Servitor     Conj/Summ      1%         N/A       100%        7
 Summon Hydra             Summ           1%         N/A       100%        7

Inventory:

Hand Weapons
 a - a +0 rapier {short}
 j - a +0 dagger of electrocution {short}
   (You took it off a kobold on level 1 of the Dungeon)
 p - a +2 dagger of draining {short}
   (You found it on level 3 of the Dungeon)
 x - a +2 dagger of speed {short}
   (You took it off an orc wizard on level 3 of the Dungeon)
 A - the +12 whip "Undertaker" (weapon) {pain, Will+, mace}
   (You found it on level 4 of the Dungeon)

   In the hands of one skilled in necromantic magic, it inflicts extra damage on
   living creatures.
   Will:      It increases your willpower.
Missiles
 e - 112 stones {throwing}
 f - 3 curare-tipped darts (quivered) {=fthrowing}
 l - 11 poisoned darts {throwing}
 M - 4 javelins {throwing}
Armour
 b - a +0 scale mail
 c - a +1 buckler (worn)
 h - a +0 ring mail
   (You found it on level 1 of the Dungeon)
 k - a +0 ring mail
   (You found it on level 2 of the Dungeon)
 m - a +0 leather armour
   (You found it on level 2 of the Dungeon)
 o - a +0 leather armour
   (You took it off an orc priest on level 7 of the Dungeon)
 s - a +0 robe
   (You took it off a wight on level 7 of the Dungeon)
 t - a +0 ring mail
   (You took it off an orc priest on level 3 of the Dungeon)
 u - a +0 leather armour
   (You took it off an orc on level 3 of the Dungeon)
 v - a +0 leather armour
   (You took it off an orc on level 3 of the Dungeon)
 w - a +0 ring mail
   (You took it off an orc on level 3 of the Dungeon)
 y - a +0 robe
   (You took it off an orc wizard on level 3 of the Dungeon)
 z - a +0 robe
   (You took it off an orc wizard on level 4 of the Dungeon)
 B - a +0 chain mail
   (You found it on level 4 of the Dungeon)
 I - a +0 leather armour
   (You took it off a gnoll shaman on level 5 of the Dungeon)
 K - a +0 leather armour
   (You found it on level 5 of the Dungeon)
 L - the +1 leather armour of the End (worn) {Str+4}
   (You found it on level 5 of the Dungeon)

   Str:       It affects your strength (+4).
 N - a +0 robe
   (You took it off a wight on level 7 of the Dungeon)
 R - a +0 scale mail
   (You took it off an orc on level 6 of the Dungeon)
 S - a +0 robe
   (You took it off a wight on level 7 of the Dungeon)
 T - a +0 scale mail
   (You found it on level 7 of the Dungeon)
Jewellery
 i - a ring of see invisible (left hand)
   (You found it on level 1 of the Dungeon)
 n - an amulet of guardian spirit (around neck)
   (You found it on level 2 of the Dungeon)
 q - a ring of fire
   (You found it on level 3 of the Dungeon)
 Q - a +6 ring of strength (right hand)
   (You found it on level 5 of the Dungeon)
Scrolls
 d - a scroll of silence {unknown}
 g - 2 scrolls of teleportation {@r4}
 C - a scroll of blinking {unknown}
 D - a scroll of fog {unknown}
Potions
 r - a potion of berserk rage {unknown}
 E - a potion of ambrosia {unknown}
 F - a potion of brilliance {unknown}
 G - a potion of mutation {unknown}
 H - a potion of haste {forbidden@q3}
 J - a potion of curing {@q1}
 O - a potion of lignification {unknown}
 P - a potion of heal wounds {unknown}

Dungeon Overview and Level Annotations

Branches:
Dungeon (7/15)             Temple (1/1) D:4

Altars:
Cheibriados
Gozag
Hepliaklqana
Makhleb
Nemelex Xobeh
Okawaru
Qazlal
Ru
Trog
Uskayaw
Vehumet
Wu Jian
Xom
Zin

Shops:
D:4 :

Annotations:
D:6 exclusion: electric eel

. #.##..... ..#.....
#.#..... ###......
#########....z...#
#.....)).......#..
#z#.#########..... #@#.#
##...#..# #
#)#z###.......#
#.#)##g.......#
###.#...z.......#
##......#........#
##........#.......#
#<...).....#...#..#♣
#...........######..♣♣.
#............##.........


You could see a wight.


Message History

T - a +0 scale mail A gnoll comes into view.
It is wielding a +0 flail. 😎 HP[+2]
Your hp is fully restored (49).
A gnoll is nearby!
A wight comes into view.
It is wielding a +3 flail of freezing and wearing a +1 robe of fire resistance.
The wight moves out of view.
A wight and a bullfrog come into view.
The bullfrog gives a loud, deep croak!
A wight comes into view. It is wielding a +1 halberd.
The bullfrog closely misses you. The bullfrog misses you.
The bullfrog misses you.
You see here a +0 hand axe {axe}.
The bullfrog barely misses you.
You see here a +4 hand axe {axe}.
The bullfrog closely misses you.
You see here a sky beast corpse.
You whack the bullfrog!
The bullfrog writhes in agony.
You claw the bullfrog.
You kill the bullfrog!
Cheibriados thoroughly appreciates the change of pace.
Your Short Blades skill increases to level 5!
You closely miss the wight. You claw the wight.
You peck the wight, but do no damage. The wight hits you but does no damage.
You block the wight's attack.
You hit the wight but do no damage. You claw the wight.
You block the wight's attack.
You closely miss the wight. You peck the wight, but do no damage.
The wight hits you with a +3 flail of freezing.
You feel drained. The wight freezes you. 😕 HP[-7] MP[-2]
You now have 47 max hp (-2).
You take 7 damage, and now have 42/47 hp.
You lost 2 mp, and now have 11/13 mp.
You hit the wight but do no damage. Your kick misses the wight.
You block the wight's attack.
You whack the wight! Your kick misses the wight.
The wight hits you from afar with a +1 halberd!
The wight hits you with a +3 flail of freezing!
You feel drained. The wight freezes you. 😮 HP[-19] MP[-5]
You now have 45 max hp (-2).
You take 19 damage, and now have 23/45 hp.
MASSIVE DAMAGE!! (PAUSE)
You lost 5 mp, and now have 6/13 mp.
You whack the wight!
You destroy the wight!
Cheibriados appreciates the change of pace.
The wight closely misses you.
Your Necromancy skill increases to level 3!
You now have 47 max hp (+2).
You block the wight's attack. The wight barely misses you.
The wight closely misses you.
The gnoll closely misses you. 😮 HP[+1] MP[+1]
You whack the gnoll!
You kill the gnoll!
Cheibriados appreciates the change of pace.
The wight barely misses you.
It was a potion of curing.
You feel better.
The wight hits you from afar with a +1 halberd! 😮 HP[+2] MP[-2]
You regained 2 hp, and now have 26/47 hp.
You lost 2 mp, and now have 5/13 mp.
The wight hits you with a +1 halberd.
* * * LOW HITPOINT WARNING * * *
The wight hits you from afar with a +3 spear!
* * * LOW HITPOINT WARNING * * *
The wight closely misses you.
Things that are here:
a +0 flail {mace}; 17 gold pieces; a gnoll corpse 😨 HP[-13] MP[-2]
You take 13 damage, and now have 13/47 hp.
MASSIVE DAMAGE!! (PAUSE)
You lost 2 mp, and now have 3/13 mp.
It was a potion of haste.
You feel yourself speed up.
Cheibriados forgives your accidental hurry, just this once.
The wight completely misses you. x2 😨 MP[+1]
You hit the wight. You claw the wight. The wight closely misses you.
You hit the wight but do no damage. The wight closely misses you. x2
You completely miss the wight. Your kick misses the wight. You peck the wight.
The wight barely misses you. You block the wight's attack.
You whack the wight!
You destroy the wight!
You now have 48 max hp (+1).
The wight hits you with a +3 spear.
* * * LOW HITPOINT WARNING * * *
You feel drained.
* * * LOW HITPOINT WARNING * * *
Things that are here:
a +1 halberd {polearm}; a +0 robe; 😱 HP[-5] MP[-2]
You now have 47 max hp (-1).
You take 5 damage, and now have 8/47 hp.
You lost 2 mp, and now have 2/14 mp.
You whack the wight! Your kick misses the wight.
The wight hits you with a +3 spear!
You die...

Skill      XL: |  1  2  3  4  5  6  7  8 |
---------------+-------------------------+-----
Dodging        | 1 2 3 4 |  4.4
Short Blades   | 3 4 5 |  5.1
Armour         | 4 5 |  5.4
Spellcasting   | 1 2 3 |  3.3
Fighting       | 4 5 |  5.1
Shields        | 4 |  4.9
Necromancy     | 1 3 |  3.1

Action                   |  1- 3 |  4- 6 |  7- 9 || total
-------------------------+-------+-------+-------++-------
Melee: Rapier            |    46 |       |       ||    46
       Kick              |    12 |    19 |    22 ||    53
       Peck              |    12 |    13 |    18 ||    43
       Dagger            |    31 |    49 |       ||    80
       Whip              |       |    17 |    86 ||   103
Throw: Dart              |       |       |     1 ||     1
  Use: Scroll            |       |     1 |     4 ||     5
       Potion            |       |     2 |     2 ||     4
Armor: Scale mail        |    22 |    15 |     9 ||    46
       Leather armour    |       |       |     6 ||     6
Dodge: Dodged            |    22 |    29 |    61 ||   112
Block: Buckler           |     9 |    15 |    33 ||    57

Levels and vault maps discovered:
D:1:      mushboom_english_gardens, layout_basic, shapermc_ecumenical_altar_gd
D:2:      layout_loops_ring, chequers_decorated_corner
D:3:      layout_loops_cross
D:4:      layout_cave_pools, minmay_temple_entry_junction_2,
          gup_sewer_entry_spiral, nicolae_shop_self_help, uniq_edmund
D:5:      layout_loops_corners, minmay_fountain_box
D:6:      layout_cave_pools, mainiacjoe_overflow_catwalk, serial_bayou,
          serial_bayou_shore_a, serial_bayou_pond_a, serial_bayou_shore_b,
          serial_bayou_lagoon_a
D:7:      nzn_winding_woodlands_small [nzn_winding_woodlands_5x15_lazy_stream,
          nzn_winding_woodlands_center_lodge,
          nzn_winding_woodlands_5x15_split_checker], layout_rooms,
          kennysheep_cross_room
Temple:   mainiacjoe_temple_hex_bubbles

Notes
Turn   | Place    | Note
-------+----------+-------------------------------------------
     0 | D:1      | mcwallace the Tengu Fighter began the quest for the Orb.
     0 | D:1      | Reached XP level 1. HP: 14/14 MP: 2/2
     0 | D:1      | magus.rc [v1.9.6]
   119 | D:1      | Found a faded altar of an unknown god.
   146 | D:1      | Reached XP level 2. HP: 13/19 MP: 3/3
   734 | D:1      | Reached skill level 1 in Dodging
   854 | D:1      | Reached XP level 3. HP: 23/23 MP: 4/4
   870 | D:1      | HP: 1/23 [kobold/+0 dagger of electrocution (12)]
  1484 | D:2      | You pick up a book of Geomancy and begin reading...
  1484 | D:2      | You add the spells Sandblast, Passwall and Stone Arrow to
                  | your library.
  2218 | D:3      | Reached XP level 4. HP: 28/28 MP: 5/5
  2303 | D:3      | Reached skill level 3 in Short Blades
  2456 | D:3      | Gained mutation: Your magical nature lets you fly swiftly
                  | and evasively. [Tengu growth]
  2456 | D:3      | Reached XP level 5. HP: 30/32 MP: 5/7
  2559 | D:3      | Reached skill level 4 in Armour
  2559 | D:3      | Reached skill level 2 in Dodging
  2559 | D:3      | Reached skill level 1 in Spellcasting
  2762 | D:3      | You pick up a book of Blood and begin reading...
  2762 | D:3      | You add the spells Sublimation of Blood, Wereblood and
                  | Summon Hydra to your library.
  3031 | D:4      | Found Moetugg's Self-Improvement Boutique.
  3036 | D:4      | Reached XP level 6. HP: 25/38 MP: 7/9
  3148 | D:4      | Found a staircase to the Ecumenical Temple.
  3159 | Temple   | Entered the Ecumenical Temple
  3259 | Temple   | Became a worshipper of Cheibriados the Contemplative
  3325 | D:4      | Identified the +12 whip "Undertaker" {pain, Will+}
  3351 | D:4      | Noticed Edmund
  3365 | D:4      | Killed Edmund
  3366 | D:4      | Reached skill level 4 in Fighting
  3366 | D:4      | Reached skill level 4 in Shields
  3630 | D:4      | Reached XP level 7. HP: 43/43 MP: 10/10
  3654 | D:4      | Reached skill level 2 in Spellcasting
  3803 | D:5      | Entered Level 5 of the Dungeon
  3811 | D:5      | Reached skill level 3 in Dodging
  3931 | D:5      | Reached skill level 4 in Short Blades
  3953 | D:5      | HP: 10/43 [gnoll/+0 halberd (6)]
  4223 | D:5      | Reached * piety under Cheibriados
  4351 | D:5      | Reached skill level 1 in Necromancy
  4435 | D:5      | Identified the +1 leather armour of the End {Str+4}
  4857 | D:5      | You pick up a book of Dangerous Friends and begin
                  | reading...
  4857 | D:5      | You add the spells Summon Guardian Golem, Orb of
                  | Destruction and Spellforged Servitor to your library.
  5229 | D:6      | Reached skill level 5 in Armour
  5320 | D:6      | Found a hazy altar of Hepliaklqana.
  5401 | D:6      | Reached XP level 8. HP: 48/48 MP: 12/12
  5891 | D:6      | HP: 10/48 [orc warrior/+0 mace (9)]
  5893 | D:6      | Reached skill level 2 in Necromancy
  6288 | D:7      | Reached skill level 4 in Dodging
  6341 | D:7      | Reached skill level 3 in Spellcasting
  6459 | D:7      | Reached skill level 5 in Fighting
  6520 | D:7      | Reached skill level 5 in Short Blades
  6526 | D:7      | Reached skill level 3 in Necromancy
  6540 | D:7      | HP: 9/48 [wight/+3 spear (4)]
  6541 | D:7      | Slain by a wight

Vanquished Creatures
  Edmund (D:4)
  An orc warrior (D:6)
  3 sky beasts
  An ogre (D:6)
  A bullfrog (D:7)
  A scorpion (D:4)
  5 wights (D:7)
  2 bullfrog skeletons
  A gnoll shaman (D:5)
  4 orc priests
  A hound (D:5)
  An iguana (D:6)
  A jelly (D:4)
  3 orc wizards
  A hound skeleton (D:4)
  8 gnolls
  4 adders
  A river rat (D:4)
  An ufetubus (D:5)
  2 worms (D:3)
  A dart slug (D:2)
  9 orcs
  5 ball pythons
  10 endoplasms
  2 giant cockroaches
  3 goblins
  3 hobgoblins
  2 jackals (D:1)
  4 kobolds
  7 quokkas
  3 bats
  4 frilled lizards
  7 rats
103 creatures vanquished.

Vanquished Creatures (others)
  3 orcs (D:6)
  18 plants
  A withered plant (D:1)
22 creatures vanquished.

Grand Total: 125 creatures vanquished

Table legend:
 A = Non-vault XP
 B = Vault XP
 C = Vault XP percentage of total XP
 D = Non-vault monster count
 E = Vault monster count
 F = Vault count percentage of total count
                 A         B        C        D         E       F
            +---------+---------+-------+---------+---------+-------
      Total |    1745 |     359 |  17.1 |      96 |       7 |   6.8
            +---------+---------+-------+---------+---------+-------
        D:1 |      41 |       0 |   0.0 |      23 |       0 |   0.0
        D:2 |      39 |       0 |   0.0 |      15 |       0 |   0.0
        D:3 |     180 |       0 |   0.0 |      21 |       0 |   0.0
        D:4 |     190 |     173 |  47.7 |       9 |       4 |  30.8
        D:5 |     324 |       0 |   0.0 |      10 |       0 |   0.0
        D:6 |     557 |       0 |   0.0 |      10 |       0 |   0.0
        D:7 |     414 |     186 |  31.0 |       8 |       3 |  27.3
            +---------+---------+-------+---------+---------+-------

Illustrated notes

Table legend:
 A = Kills in this place as a percentage of kills in entire the game.
 B = Kills by you in this place as a percentage of kills by you in the entire game.
 C = Kills by friends in this place as a percentage of kills by friends in the entire game.
 D = Other kills in this place as a percentage of other kills in the entire game.
 E = Experience gained in this place as a percentage of experience gained in the entire game.
 F = Experience gained in this place divided by the number of levels of this place that you have seen.
                   A       B       C       D       E      F
               +-------+-------+-------+-------+-------+----------------------
         Total | 100.0 | 100.0 |   N/A |   N/A | 100.0 | 263.0
       Dungeon | 100.0 | 100.0 |   N/A |   N/A | 100.0 | 300.6
               +-------+-------+-------+-------+-------+----------------------

Table legend: (Time is in decaauts)
 A = Elapsed time spent in this place.
 B = Non-inter-level travel time spent in this place.
 C = Inter-level travel time spent in this place.
 D = Time resting spent in this place.
 E = Time spent auto-exploring this place.
 F = Levels seen in this place.
 G = Mean time per level.
                   A        B        C        D        E       F      G
               +--------+--------+--------+--------+--------+-----+--------+
         Total |   6922 |   6700 |    222 |   1507 |   3971 |   8 |  865.2 |
       Dungeon |   6769 |   6606 |    163 |   1507 |   3884 |   7 |  967.0 |
        Temple |    153 |     94 |     59 |      0 |     86 |   1 |  153.0 |
               +--------+--------+--------+--------+--------+-----+--------+

Top non-repeatable levels by time:
     D:6: 1319 daAuts
     D:5: 1182 daAuts
     D:2: 1101 daAuts
     D:1: 1101 daAuts
     D:4: 958 daAuts
     D:3: 766 daAuts
     D:7: 339 daAuts
  Temple: 153 daAuts
